AoeStats
← Zane

Four Lakes

510270713Analyzed
1v1 RM · 1d ago on Sep 30, 2026· 34m 50s· 2 players
Game mode
Random Map
Map size
Tiny (2 player)
Population
200
Speed
Normal
Resources
Standard
Victory
Conquest
Starting age
Dark Age
Ending age
Imperial Age
RankedLock teamsTeams togetherTeam positionsShared explorationLock speedFull tech treeHidden civsTurbo modeCheats
Victory
Defeat
🇨🇳 Berbers · China
2049
+6
🇨🇳 Magyars · China
1802
-6
catastrophe
9:03 Loom
11:17 Feudal Age
16:56 Castle Age
15:39 Double-Bit Axe
23:52 Bow Saw
24:54 Horse Collar
26:24 Fishing Lines
27:10 Scale Barding Armor
27:20 Husbandry
28:23 Bloodlines
27:40 Light Cavalry
28:37 Town Watch
31:18 Wheelbarrow
31:32 Gold Mining
31:44 Heavy Plow
35:46 Imperial Age
34:10 Forging
Zane
7:41 Loom
9:47 Feudal Age
10:58 Loom
15:55 Wheelbarrow
23:04 Castle Age
22:41 Scale Barding Armor
25:15 Bloodlines
28:45 Double-Bit Axe
30:54 Husbandry
32:10 Gold Mining
33:14 Chain Barding Armor
Connection lost

Rejoining the realm…

Still unreachable

The connection could not be restored.

Session expired

The server has moved on; the page needs a fresh start.